 Dungeon Crawl Stone Soup version 0.27-a0-972-gd1521fd518 (webtiles) character file.

Game seed: 7738339132217926845

77 kae the Insei (level 4, 0/28 HPs)
             Began as an Octopode Transmuter on Apr 13, 2021.
             Slain by a gnoll
             ... wielding a +0 halberd
              (18 damage)
             ... on level 4 of the Dungeon.
             The game lasted 00:01:31 (4122 turns).

kae the Insei (Octopode Transmuter)                 Turns: 4122, Time: 00:01:32

Health: 0/28       AC:  1    Str: 10    XL:     4   Next: 33%
Magic:  7/7        EV: 13    Int: 15    God:
Gold:   178        SH:  0    Dex: 12    Spells: 3/7 levels left

rFire    . . .     SeeInvis .     - Unarmed
rCold    . . .     Faith    .   (no shield)
rNeg     . . .     Spirit   .   (helmet restricted)
rPois    .         Reflect  .   (no amulet)
rElec    .         Harm     .   (no ring)
rCorr    .         Rampage  .   (no ring)
Will     .....                  (no ring)
Stlth    +++.......             (no ring)
HPRegen  0.09/turn              (no ring)
MPRegen  0.10/turn              (no ring)
                                (no ring)
                                (no ring)

@: no status effects
A: almost no armour, amphibious, 8 rings, camouflage 1, gelatinous body 1,
(nimble swimmer 1), tentacles
a: no special abilities


You were on level 4 of the Dungeon.
You visited 1 branch of the dungeon, and saw 4 of its levels.

You collected 178 gold pieces.

Inventory:

Scrolls
 b - a scroll of amnesia
 c - a scroll of teleportation
Potions
 e - a potion of heal wounds
 g - a potion of curing {unknown}
 h - a potion of lignification {unknown}


   Skills:
 + Level 1.5 Fighting
 + Level 2.3 Dodging
 + Level 1.4 Stealth
 * Level 3.4 Unarmed Combat
 + Level 2.2 Spellcasting
 * Level 2.8 Transmutations
 * Level 1.3 Poison Magic


You had 3 spell levels left.
You knew the following spells:

 Your Spells              Type           Power      Damage    Failure   Level
a - Beastly Appendage     Tmut           20%        N/A       7%          1
b - Spider Form           Tmut/Pois      3%         N/A       28%         3

Your spell library contained the following spells:

 Spells                   Type           Power      Damage    Failure   Level
 Wereblood                Tmut           10%        N/A       11%         2
 Magic Dart               Conj           4%         1d3       22%         1
 Blink                    Tloc           N/A        N/A       32%         2
 Call Imp                 Summ           1%         N/A       32%         2
 Slow                     Hex            1%         N/A       32%         2
 Mephitic Cloud           Conj/Pois/Air  3%         N/A       47%         3
 Conjure Flame            Conj/Fire      1%         6-21      54%         3
 Ice Form                 Ice/Tmut       5%         N/A       77%         4
 Hydra Form               Tmut           5%         N/A       88%         5


Dungeon Overview and Level Annotations

Branches:
Dungeon (4/15)
 Temple: D:4-7

Altars:
Hepliaklqana

Shops:
D:1 :

Annotations:
D:3 Sigmund


Innate Abilities, Weirdness & Mutations

You cannot wear most types of armour.
You are amphibious.
You can wear up to eight rings at the same time.
Your skin changes colour to match your surroundings (Stealth+).
Your rubbery body absorbs attacks. (AC +1, EV +1)
((You are camouflaged near water. (Stealth+)))
You have tentacles for arms and can constrict up to eight enemies at once.


Message History

What are your orders? t - Shout!
Orders for allies: a - Attack new target. r - Retreat! s - Stop attacking. g - Guard the area. f - Follow me.
Anything else - Cancel.
Gang up on whom?
Press: ? - help, Dir - move target, f - gnoll
Aim: a gnoll, wielding a +0 spear (ally target) Attack!
The gnoll closely misses you.
You swap places.
Your transformation is almost over.
Your quokka bites the gnoll.
The gnoll hits your quokka with a +0 spear.
A gnoll comes into view. It is wielding a +0 club.
Your quokka barely misses the gnoll.
The gnoll hits your quokka with a +0 spear.
Your quokka dies!
Your quokka's corpse dissolves into shadows!
The gnoll hits your orc with a +0 spear.
Your orc barely misses the gnoll.
The gnoll hits your orc with a +0 spear.
Your orc dies!
Your orc's corpse dissolves into shadows!
The gnoll misses your orc wizard.
Your orc wizard hits the gnoll with a +0 dagger.
The gnoll hits your orc wizard with a +0 spear.
Your orc wizard hits the gnoll with a +0 dagger.
The gnoll hits your orc wizard with a +0 spear.
Your orc wizard hits the gnoll with a +0 dagger.
The gnoll hits your orc wizard with a +0 spear!
A gnoll comes into view. It is wielding a +0 halberd.
Your orc wizard casts a spell at the gnoll.
The gnoll appears confused.
Your orc wizard hits the gnoll with a +0 dagger.
The gnoll dies!
Your tentacle spike disappears.
The gnoll hits you from afar with a +0 halberd!!
Ouch! That really hurt!
You die...

#.....##
.....##.
####..# #. #..#
#. #..# ## ...#
#.# #######.#
#g.ggo.@#
#g####.O#
####go#########
.>..§§§.......
##§§§########
#.§§o§# ##§§§##
...#### ###


You could see a gnoll shaman, 4 gnolls, a friendly ogre (summoned), a friendly
orc wizard (summoned) and a friendly orc (summoned).

Vanquished Creatures
  An adder (D:2)
  2 worms (D:2)
  2 dart slugs (D:1)
  4 ball pythons
  6 endoplasms
  6 goblins
  3 hobgoblins
  2 jackals (D:1)
  6 kobolds
  6 quokkas
  5 bats (D:1)
  A frilled lizard (D:1)
  5 rats
49 creatures vanquished.

Vanquished Creatures (collateral kills)
  A gnoll (D:4)
1 creature vanquished.

Grand Total: 50 creatures vanquished

Notes
Turn   | Place    | Note
-------+----------+-------------------------------------------
     0 | D:1      | kae the Octopode Transmuter began the quest for the Orb.
     0 | D:1      | Reached XP level 1. HP: 13/13 MP: 3/3
    39 | D:1      | Found Manuxa's Book Shoppe.
   124 | D:1      | Reached XP level 2. HP: 18/18 MP: 3/5
   926 | D:1      | Reached XP level 3. HP: 15/23 MP: 4/6
   930 | D:1      | Learned a level 3 spell: Spider Form
  1610 | D:1      | Reached skill level 1 in Stealth
  1910 | D:2      | Found a faded altar of an unknown god.
  2521 | D:2      | Reached skill level 1 in Poison Magic
  2521 | D:2      | Reached XP level 4. HP: 23/28 MP: 5/7
  2942 | D:3      | Noticed Sigmund
  3312 | D:3      | Found a hazy altar of Hepliaklqana.
  4122 | D:4      | Slain by a gnoll

Illustrated notes

Levels and vault maps discovered:
D:1:      scummos_arrival_gate, layout_basic, serial_shops, shop
D:2:      minmay_spotlight, layout_loops_cross, shapermc_ecumenical_altar_venn
D:3:      mumra_celtic_spiral_tile, layout_loops_corners, amcnicky_altar_gilded,
          minmay_misc_feat_pillars, uniq_sigmund
D:4:      minmay_clustersquares, layout_loops_corners, kennysheep_mini,
          kennysheep_potato

Skill      XL: |  1  2  3 |
---------------+----------+-----
Stealth        | 1 |  1.4
Poison Magic   | 1 |  1.3
Fighting       | |  1.5
Dodging        | |  2.3
Unarmed Combat | |  3.4
Spellcasting   | |  2.2
Transmutations | |  2.8

Action                   |  1- 3 |  4- 6 || total
-------------------------+-------+-------++-------
Melee: Unarmed           |    81 |    19 ||   100
       Constrict         |    23 |     2 ||    25
       Kick              |    12 |     4 ||    16
       Tentacles         |    18 |     1 ||    19
       Punch             |     1 |     1 ||     2
 Cast: Beastly Appendage |    23 |    10 ||    33
  Use: Scroll            |       |     5 ||     5
 Stab: Sleeping          |     6 |     4 ||    10
Armor: Skin              |     8 |     3 ||    11
Dodge: Dodged            |    55 |     5 ||    60

Table legend: (Time is in decaauts)
 A = Elapsed time spent in this place.
 B = Non-inter-level travel time spent in this place.
 C = Inter-level travel time spent in this place.
 D = Time resting spent in this place.
 E = Time spent auto-exploring this place.
 F = Levels seen in this place.
 G = Mean time per level.
                   A        B        C        D        E       F      G
               +--------+--------+--------+--------+--------+-----+--------+
         Total |   4116 |   3923 |    193 |      2 |   3541 |   4 | 1029.0 |
       Dungeon |   4116 |   3923 |    193 |      2 |   3541 |   4 | 1029.0 |
               +--------+--------+--------+--------+--------+-----+--------+

Top non-repeatable levels by time:
     D:1: 1719 daAuts
     D:3: 1460 daAuts
     D:2: 910 daAuts
     D:4: 25 daAuts
